 Dungeon Crawl Stone Soup version 0.23-a0-175-g97aacdb (webtiles) character file.

62 Amnesiac the Chiller (level 3, -8/24 HPs)
             Began as a Mummy Ice Elementalist on Sept 17, 2018.
             Mangled by an iguana (11 damage)
             ... on level 4 of the Dungeon.
             The game lasted 00:01:59 (928 turns).

Amnesiac the Chiller (Mummy Ice Elementalist)        Turns: 928, Time: 00:02:00

Health: -8/24      AC:  2    Str: 11    XL:     3   Next: 85%
Magic:  6/8        EV: 12    Int: 15    God:
Gold:   45         SH:  0    Dex: 12    Spells: 3/9 levels left

rFire    x . .     SeeInvis .   f - -2 falchion (curse)
rCold    + . .     Gourm    .   (no shield)
rNeg     + + +     Faith    .   a - +0 robe
rPois    ∞         Spirit   .   (no helmet)
rElec    .         Reflect  .   (no cloak)
rCorr    .         Harm     .   (no gloves)
MR       .....                  (no boots)
Stlth    ++........             (no amulet)
HPRegen  0.08/turn              (no ring)
MPRegen  0.11/turn              (no ring)

@: no status effects
A: no food or potions, fire vulnerability, cold resistance 1, negative energy
resistance 3, torment resistance, unbreathing
a: no special abilities


You were on level 4 of the Dungeon.
You were not hungry.

You visited 1 branch of the dungeon, and saw 4 of its levels.

You collected 45 gold pieces.

Inventory:

Hand Weapons
 b - a +0 spear
 c - a +2 dagger of draining
 f - a cursed -2 falchion (weapon)
Armour
 a - a +0 robe (worn)
Jewellery
 d - an uncursed ring of resist corrosion {unknown}
 e - an uncursed amulet of rage {unknown}


   Skills:
 - Level 1.5 Dodging
 - Level 1.5 Stealth
 + Level 3.5 Spellcasting
 - Level 0.7 Conjurations
 * Level 3.6 Ice Magic


You had 3 spell levels left.
You knew the following spells:

 Your Spells              Type           Power        Failure   Level  Hunger
a - Freeze                Ice            ##..         4%          1    N/A
e - Throw Frost           Conj/Ice       #.....       12%         2    N/A
z - Ozocubu's Armour      Chrm/Ice       #.......     26%         3    N/A

Your spell library contained the following spells:

 Spells                   Type           Power        Failure   Level  Hunger
 Throw Icicle             Conj/Ice       #.......     61%         4    N/A
 Summon Ice Beast         Ice/Summ       #.......     65%         4    N/A

Dungeon Overview and Level Annotations

Branches:
Dungeon (4/15)
 Temple: D:4-7

Altars:


Innate Abilities, Weirdness & Mutations

You do not eat or drink.
Your flesh is vulnerable to fire.
You are immune to poison.
Your flesh is cold resistant. (rC+)
You are immune to negative energy. (rN+++)
You are immune to unholy pain and torment.
You can survive without breathing.


Message History

Aim: a ball python You freeze the ball python.
The ball python seems to slow down.
The ball python is severely wounded.
Casting: Freeze (safe; 4% risk of failure)
Confirm with . or Enter, or press ? or * to list all spells.
Aiming: Freeze (safe; 4% risk of failure)
Press: ? - help, Shift-Dir - straight line, f/p - ball python
Aim: a ball python (severely wounded, slow)
You freeze the ball python.
You kill the ball python!
c - a dagger of draining
There is a stone staircase leading down here.
You climb downwards.
There is a stone staircase leading up here.
A hobgoblin comes into view. It is wielding a club.
Found 13 gold pieces.
A hobgoblin is nearby!
The hobgoblin shouts!
You hit the hobgoblin.
The hobgoblin is severely wounded.
The hobgoblin closely misses you.
Casting: Freeze (safe; 4% risk of failure)
Confirm with . or Enter, or press ? or * to list all spells.
Aiming: Freeze (safe; 4% risk of failure)
Press: ? - help, Shift-Dir - straight line, f - hobgoblin
Aim: a hobgoblin, wielding a club (severely wounded)
You freeze the hobgoblin.
You kill the hobgoblin!
You now have 45 gold pieces (gained 13).
You see here a club.
Magic restored.
A frilled lizard comes into view.
A frilled lizard is nearby!
A frilled lizard is nearby!
There is a stone staircase leading down here.
You climb downwards.
The gnoll completely misses you. The iguana bites you!
Ouch! That really hurt!
* * * LOW HITPOINT WARNING * * *
A gnoll comes into view. It is wielding a whip.
There is a stone staircase leading up here.
The gnoll hits you with a club.
* * * LOW HITPOINT WARNING * * *
A leopard gecko comes into view.
Found 17 stones.
Casting: Freeze (safe; 4% risk of failure)
Confirm with . or Enter, or press ? or * to list all spells.
Aiming: Freeze (safe; 4% risk of failure)
Press: ? - help, Shift-Dir - straight line, f - iguana
Aim: an iguana You freeze the iguana.
The iguana is lightly wounded.
The iguana bites you.
* * * LOW HITPOINT WARNING * * *
Unknown command.
The gnoll shouts! x2
Casting: Freeze (safe; 4% risk of failure)
Confirm with . or Enter, or press ? or * to list all spells.
Aiming: Freeze (safe; 4% risk of failure)
Press: ? - help, Shift-Dir - straight line, f/p - iguana
Aim: an iguana (lightly wounded)
You freeze the iguana.
The iguana is heavily wounded.
The iguana bites you!
You die...

l. .##### ...... .(...
#+# ...
..##########.###.######
...............)......
#####.......g##..##.##
...........@.##.....#
.#####.##<.#l##.###....
#.##.g#.g.........
..#...#..#.######.#
...#...#..#.# ..# #.#
.####...#g.#.# #.# #.#
l...........#.# ... ...
....g.....##.#.# #.#
#.# ...#..g#.##.#.# #.#
#.#


You could see an iguana and 4 gnolls.

Vanquished Creatures
  A worker ant (D:4)
  2 adders
  A worm (D:4)
  A leopard gecko (D:2)
  A ball python (D:2)
  A goblin (D:2)
  2 hobgoblins
  3 kobolds (D:2)
  A quokka (D:3)
  2 bats
  4 rats
19 creatures vanquished.

Notes
Turn   | Place    | Note
-------+----------+-------------------------------------------
     0 | D:1      | Amnesiac the Mummy Ice Elementalist began the quest for the
                  | Orb.
     0 | D:1      | Reached XP level 1. HP: 13/13 MP: 4/4
   100 | D:2      | Reached XP level 2. HP: 19/19 MP: 0/5
   129 | D:2      | You fall through a shaft for 2 floors!
   428 | D:4      | Reached XP level 3. HP: 3/24 MP: 1/7
   432 | D:4      | Learned a level 2 spell: Throw Frost
   436 | D:4      | Learned a level 3 spell: Ozocubu's Armour
   928 | D:4      | Mangled by an iguana

Vault maps used:
D:1:      dpeg_arrival_houses_and_road
D:2:      serial_co_window_serial, co_window_corner_a, co_window_corner_a,
          co_window_corner_a, co_window_of_opportunity_a, co_window_corner_a,
          co_window_paths_a, co_window_corner_a, co_window_broadway_b,
          co_window_corner_ca, co_window_of_opportunity_b,
          co_window_of_opportunity_c, co_window_broadway_c, co_window_corner_b,
          co_window_paths_e
D:3:      grunt_temple_overflow_order_and_chaos_2, elyvilon_altar_3
D:4:      ashenzari_conservatory_becter, first_ration,
          ebering_ghost_disaster_area, hex_medium

Skill      XL: |  1  2 |
---------------+-------+-----
Ice Magic      | 3 |  3.6
Spellcasting   | 3 |  3.5
Dodging        | |  1.5
Stealth        | |  1.5
Conjurations   | |  0.7

Action                   || total
-------------------------++-------
Melee: Spear             ||    18
       Falchion          ||     1
 Cast: Freeze            ||    30
  Use: Scroll            ||     1
Armor: Robe              ||     8
Dodge: Dodged            ||    22
       Rpst.: Falchion   ||     3

Table legend:
 A = Non-vault XP
 B = Vault XP
 C = Vault XP percentage of total XP
 D = Non-vault monster count
 E = Vault monster count
 F = Vault count percentage of total count
                 A         B        C        D         E       F
            +---------+---------+-------+---------+---------+-------
      Total |      89 |       0 |   0.0 |      19 |       0 |   0.0
            +---------+---------+-------+---------+---------+-------
        D:1 |       2 |       0 |   0.0 |       2 |       0 |   0.0
        D:2 |      32 |       0 |   0.0 |      12 |       0 |   0.0
        D:3 |       4 |       0 |   0.0 |       2 |       0 |   0.0
        D:4 |      51 |       0 |   0.0 |       3 |       0 |   0.0
            +---------+---------+-------+---------+---------+-------
